 Dungeon Crawl Stone Soup version 0.26-a0-639-g72c4674329 (webtiles) character file.

Game seed: 4841349963807720082

119 DogServant the Conjurer (level 5, -1/28 HPs)
             Began as a Gargoyle Conjurer on Sept 16, 2020.
             Slain by an orc
             ... wielding a +0 mace
              (4 damage)
             ... on level 2 of the Dungeon.
             The game lasted 00:04:22 (2860 turns).

DogServant the Conjurer (Gargoyle Conjurer)         Turns: 2860, Time: 00:04:22

Health: -1/28      AC:  6    Str: 11    XL:     5   Next: 3%
Magic:  0/10       EV: 12    Int: 19    God:
Gold:   125        SH:  0    Dex:  8    Spells: 7/10 levels left

rFire    . . .     SeeInvis .   f - +1 dagger (venom)
rCold    . . .     Faith    .   (no shield)
rNeg     + . .     Spirit   .   a - +0 robe
rPois    ∞         Reflect  .   (no helmet)
rElec    +         Harm     .   (no cloak)
rCorr    .         Rampage  .   (no gloves)
MR       .....                  (no boots)
Stlth    ++........             (no amulet)
HPRegen  0.09/turn              (no ring)
MPRegen  0.12/turn              (no ring)

@: no status effects
A: negative energy resistance 1, electricity resistance, unbreathing,
petrification resistance, rot immunity, AC +4
a: no special abilities


You were on level 2 of the Dungeon.
You visited 1 branch of the dungeon, and saw 3 of its levels.

You collected 125 gold pieces.

Inventory:

Hand Weapons
 f - a +1 dagger of venom (weapon)
Armour
 a - a +0 robe (worn)
Jewellery
 g - an uncursed amulet of the acrobat {unknown}
Scrolls
 b - 3 scrolls of identify {unknown}
 i - 2 scrolls of teleportation {unknown}
Potions
 c - a potion of brilliance {unknown}
 d - 2 potions of invisibility {unknown}
 e - a potion of heal wounds {unknown}
 h - a potion of curing {unknown}


   Skills:
 - Level 1.6 Dodging
 - Level 2.3 Stealth
 + Level 3.4 Spellcasting
 + Level 5.7 Conjurations


You had 7 spell levels left.
You knew the following spells:

 Your Spells              Type           Power        Failure   Level
a - Magic Dart            Conj           ###.         1%          1
b - Searing Ray           Conj           ###...       2%          2

Your spell library contained the following spells:

 Spells                   Type           Power        Failure   Level
 Dazzling Flash           Conj/Hex       ##....       14%         3
 Fulminant Prism          Conj/Hex       ##........   41%         4
 Iskenderun's Mystic Bla  Conj/Tloc      ##......     41%         4


Dungeon Overview and Level Annotations

Branches:
Dungeon (3/15)

Altars:
Makhleb
Okawaru


Innate Abilities, Weirdness & Mutations

You are resistant to torment.
Your stone body is resilient. (AC +4)
You are immune to poison.
You resist negative energy. (rN+)
You are resistant to electric shocks. (rElec)
You can survive without breathing.
You are immune to petrification.
You are immune to rotting.


Message History

The goblin barely misses you.
The orc wizard hits you but does no damage.
The orc hits you with a +0 mace.
* * * LOW HITPOINT WARNING * * *
Casting: Searing Ray (safe; 2% risk of failure)
Confirm with . or Enter, or press ? or * to list all spells.
Aiming: Searing Ray (safe; 2% risk of failure)
Press: ? - help, Shift-Dir - straight line, f/p - orc wizard
Aim: an orc wizard, wielding a +0 dagger and wearing a +0 robe (severely wounded)
The searing ray hits the orc wizard.
The orc wizard is almost dead. (Press . to maintain the ray.)
The goblin hits you but does no damage. The orc wizard misses you.
The orc hits you with a +0 mace.
* * * LOW HITPOINT WARNING * * *
The searing ray hits the orc wizard.
You kill the orc wizard!
You have reached level 5!
The goblin completely misses you. The orc hits you with a +0 mace.
You die...

##### ##### #####(o@##
#####.<.#
#.....g.)#######...)...#
########(.(....(.(....#.#....
#.#.#.##.......#...##...##..#
##
##≈≈≈≈≈≈#.......(....######(.#
.###_......(......##...##
##K.# ..###≈≈≈≈≈≈#.....####.##
#.... .## ##.#.#.#....## #.#
##..# .# ##########.# #.# ##.#


You could see an orc and a goblin.

Vanquished Creatures
  An orc wizard (D:2)
  A gnoll (D:2)
  2 adders (D:2)
  An ooze (D:1)
  A worm (D:2)
  3 dart slugs
  2 orcs (D:2)
  A ball python (D:2)
  2 bats (D:2)
  10 goblins
  4 hobgoblins (D:2)
  5 jackals (D:2)
  4 frilled lizards
  4 kobolds (D:2)
  5 rats (D:2)
46 creatures vanquished.

Notes
Turn   | Place    | Note
-------+----------+-------------------------------------------
     0 | D:1      | DogServant the Gargoyle Conjurer began the quest for the
                  | Orb.
     0 | D:1      | Reached XP level 1. HP: 10/10 MP: 3/3
   432 | D:1      | Reached XP level 2. HP: 2/15 MP: 0/5
   788 | D:1      | Learned a level 2 spell: Searing Ray
  1351 | D:2      | Reached skill level 5 in Conjurations
  1351 | D:2      | Reached XP level 3. HP: 18/19 MP: 1/6
  1556 | D:2      | Found an iron altar of Okawaru.
  1629 | D:2      | Reached XP level 4. HP: 19/24 MP: 0/8
  2274 | D:2      | Found a burning altar of Makhleb.
  2860 | D:2      | Reached XP level 5. HP: 3/28 MP: 1/10
  2860 | D:2      | Slain by an orc

Illustrated notes

Levels and vault maps discovered:
D:1:      matt_arrival_refuge, layout_loops_ring
D:2:      layout_loops_corners, okawaru_altar_gauntlet_db, lemuel_doored_altar
D:3:      layout_rooms, nicolae_overflow_crystal_walls,
          minmay_misc_feat_hallway, xom_teletrap_fun

Skill      XL: |  1  2  3  4 |
---------------+-------------+-----
Conjurations   | 5 |  5.7
Spellcasting   | 3 |  3.4
Dodging        | |  1.6
Stealth        | |  2.3

Action                   |  1- 3 |  4- 6 || total
-------------------------+-------+-------++-------
Melee: Unarmed           |     3 |       ||     3
       Dagger            |     9 |       ||     9
 Cast: Magic Dart        |    35 |    33 ||    68
       Searing Ray       |     4 |     7 ||    11
Armor: Robe              |    10 |     7 ||    17
Dodge: Dodged            |    24 |    18 ||    42

Table legend: (Time is in decaauts)
 A = Elapsed time spent in this place.
 B = Non-inter-level travel time spent in this place.
 C = Inter-level travel time spent in this place.
 D = Time resting spent in this place.
 E = Time spent auto-exploring this place.
 F = Levels seen in this place.
 G = Mean time per level.
                   A        B        C        D        E       F      G
               +--------+--------+--------+--------+--------+-----+--------+
         Total |   2862 |   2791 |     71 |    613 |   1892 |   3 |  954.0 |
       Dungeon |   2862 |   2791 |     71 |    613 |   1892 |   3 |  954.0 |
               +--------+--------+--------+--------+--------+-----+--------+

Top non-repeatable levels by time:
     D:2: 1707 daAuts
     D:1: 1129 daAuts
     D:3: 25 daAuts
